 Dungeon Crawl Stone Soup version 0.30-a0-1114-gd936c97349 (webtiles) character file.

Game seed: 6623341764165623441

46 LustLizard the Gusty (level 3, -2/20 HPs)
             Began as a Deep Elf Air Elementalist on Apr 20, 2023.
             Slain by a gnoll
             ... wielding a +0 halberd
              (3 damage)
             ... on level 1 of the Dungeon.
             The game lasted 00:02:16 (1543 turns).

LustLizard the Gusty (Deep Elf Air Elementalist)    Turns: 1543, Time: 00:02:17

Health: -2/20      AC:  6    Str:  7    XL:     3   Next: 46%
Magic:  3/9        EV: 12    Int: 19    God:
Gold:   35         SH:  0    Dex: 15    Spells: 5/8 levels left

rFire   . . .      SeeInvis .    j - staff of conjuration
rCold   . . .      Faith    .    (no shield)
rNeg    + . .      Spirit   .    a - +0 robe
rPois   .          Reflect  .    h - +0 helmet
rElec   .          Rampage  .    (no cloak)
rCorr   .                        n - +2 pair of gloves
Will    .....                    (no boots)
Stlth   ++                       (no amulet)
HPRegen 0.23/turn                f - ring of positive energy
MPRegen 0.11/turn                (no ring)

@: no status effects
A: no striking features
a: no special abilities


You were on level 1 of the Dungeon.
You visited 1 branch of the dungeon, and saw 2 of its levels.

You collected 35 gold pieces.

Inventory:

Armour
 a - a +0 robe (worn)
 h - a +0 helmet (worn)
 l - a +3 leather armour
 n - a +2 pair of gloves (worn)
Magical Staves
 j - a staff of conjuration (weapon)
Jewellery
 f - a ring of positive energy (left hand)
Scrolls
 c - a scroll of amnesia {unknown}
 e - a scroll of magic mapping {unknown}
 m - a scroll of immolation {unknown}
Potions
 b - a potion of magic
 d - a potion of ambrosia {unknown}
 g - a potion of mutation {unknown}
 i - a potion of lignification {unknown}
 k - a potion of might {unknown}


   Skills:
 + Level 0.7 Fighting
 + Level 0.0 Armour
 - Level 2.4 Dodging
 + Level 2.8 Stealth
 + Level 3.4 Spellcasting
 * Level 2.1 Conjurations
 * Level 3.5 Air Magic


You had 5 spell levels left.
You knew the following spells:

 Your Spells              Type           Power      Damage    Failure   Level
a - Shock                 Conj/Air       84%        1d8       4%          1
b - Static Discharge      Conj/Air       42%        2-4/arc   7%          2

Your spell library contained the following spells:

 Spells                   Type           Power      Damage    Failure   Level
 Swiftness                Air            16%        N/A       11%         3
 Airstrike                Air            8%         2d(2-18)  34%         4


Dungeon Overview and Level Annotations

Branches:
Dungeon (2/15)

Altars:

Shops:
D:1 :


Message History

The gnoll shouts! x3
There is a stone staircase leading up here.
The gnoll barely misses you. x2
You climb upwards.
There is a stone staircase leading down here.
Unknown command.
Casting: Shock (safe; 4% risk of failure)
Confirm with . or Enter, or press ? or * to list all spells.
You feel a surge of power!
The gnoll is struck by an arc of lightning.
The gnoll is moderately wounded.
You are struck by an arc of lightning.
The gnoll is struck by an arc of lightning.
The gnoll is severely wounded.
The lightning grounds out.
The gnoll hits you but does no damage. The gnoll hits you with a +0 halberd.
Casting: Static Discharge (safe; 7% risk of failure)
Confirm with . or Enter, or press ? or * to list all spells.
You feel a surge of power!
The gnoll is struck by an arc of lightning.
The gnoll is severely wounded.
You are struck by an arc of lightning.
The lightning grounds out.
The gnoll hits you but does no damage. The gnoll hits you with a +0 halberd!
Ouch! That really hurt!
* * * LOW HITPOINT WARNING * * *
Unknown command.
Casting: Static Discharge (safe; 7% risk of failure)
Confirm with . or Enter, or press ? or * to list all spells.
You feel a surge of power!
The gnoll is struck by an arc of lightning.
You kill the gnoll!
You are struck by an arc of lightning.
* * * LOW HITPOINT WARNING * * *
The gnoll is struck by an arc of lightning.
The gnoll is moderately wounded.
You are struck by an arc of lightning.
* * * LOW HITPOINT WARNING * * *
The lightning grounds out.
The gnoll closely misses you.
The gnoll hits you from afar with a +0 halberd.
You die...

#.....# ####### #.########.
#.....# #.# ## #.....# #.# #
##...## #.# # #...# #.# #
##...#################.# #
#....'.................#########
#....##########................)
#....###### #@###############.
#.#.......# #.>.# #†........#.
#.#.#####.# ###g# #.#####.#.#.
#.#.###.#.# #.# #.# #.#.#.
#.#.....#.# #.# #.# #.#.#.
#.#####.#.# #.# #.# #.#.#.
#...###.#.# #.# #.#####.#.#.
###.#...#.# #.# #.#.........
#.###.#.# #.# #.#.###.#.##


You could see a gnoll.

Vanquished Creatures
  A gnoll (D:1)
  2 dart slugs (D:1)
  2 ball pythons (D:1)
  4 bats (D:1)
  4 endoplasms (D:1)
  3 goblins (D:1)
  4 hobgoblins (D:1)
  4 jackals (D:1)
  A quokka (D:1)
  2 frilled lizards (D:1)
  A kobold (D:1)
  A rat (D:1)
29 creatures vanquished.

Notes
Turn   | Place    | Note
-------+----------+-------------------------------------------
     0 | D:1      | LustLizard the Deep Elf Air Elementalist began the quest
                  | for the Orb.
     0 | D:1      | Reached XP level 1. HP: 10/10 MP: 6/6
   357 | D:1      | Reached XP level 2. HP: 15/15 MP: 4/8
   618 | D:1      | Found Ochier's Book Emporium.
  1031 | D:1      | Learned a level 2 spell: Static Discharge
  1033 | D:1      | Reached XP level 3. HP: 20/20 MP: 2/9
  1384 | D:1      | Found a faded altar of an unknown god.
  1542 | D:1      | HP: 1/20 [/static electricity (2)]
  1543 | D:1      | Slain by a gnoll

Illustrated notes

Levels and vault maps discovered:
D:1:      erik_arrival_triangle_medium, layout_basic, serial_shops,
          nicolae_shop_crystal, shapermc_ecumenical_altar_hornbeckon,
          minmay_tall_x
D:2:      layout_basic, serial_shops, shop

Skill      XL: |  1  2  3 |
---------------+----------+-----
Conjurations   | 2 |  2.1
Fighting       | |  0.7
Dodging        | |  2.4
Stealth        | |  2.8
Spellcasting   | |  3.4
Air Magic      | |  3.5

Action                     || total
---------------------------++-------
   Cast: Shock             ||    48
         Static Discharge  ||     3
 Armour: Robe              ||     3
  Dodge: Dodged            ||     5

Table legend: (Time is in decaauts)
 A = Elapsed time spent in this place.
 B = Non-inter-level travel time spent in this place.
 C = Inter-level travel time spent in this place.
 D = Time resting spent in this place.
 E = Time spent auto-exploring this place.
 F = Levels seen in this place.
 G = Mean time per level.
                   A        B        C        D        E       F      G
               +--------+--------+--------+--------+--------+-----+--------+
         Total |   1548 |   1490 |     58 |    159 |   1170 |   2 |  774.0 |
       Dungeon |   1548 |   1490 |     58 |    159 |   1170 |   2 |  774.0 |
               +--------+--------+--------+--------+--------+-----+--------+

Top non-repeatable levels by time:
     D:1: 1546 daAuts
     D:2: 1 daAuts
